Workbook
Name Constr: '25305'!$A$1
Name Constr: '25319'!$A$1
Name FOT: '25305'!$B$17
Name FOT: '25319'!$B$20
Name Ind: '25305'!$D$9
Name Ind: '25319'!$D$9
Name Obj: '25305'!#REF!
Name Obj: '25319'!#REF!
Name Obosn: '25305'!$B$15
Name Obosn: '25319'!$B$15
Name SmPr: '25305'!$B$16
Name SmPr: '25319'!$B$16
Name аааааппппппрррппппппп: #REF!
Name аараооооооооооооо: #REF!
Name автом: #REF!
Name алшрльоплварл: #REF!
Name аолвлддддддддддддддддввввввввв: #REF!
Name апарв: #REF!
Name апрлдджаоырыфрпопрлпрлпрлп: #REF!
Name арлггаджаш: #REF!
Name ароррбллтблпроорапииас: #REF!
Name арррррблллпдрлдддддддддд: #REF!
Name варпаааааааааа: #REF!
Name ввпьььььлднд: #REF!
Name вед: #REF!
Name вертикальная: #REF!
Name вертикплан: #REF!
Name волен: #REF!
Name вп: #REF!
Name впырпфдыпл: #REF!
Name впьглорьтитттттттттт: #REF!
Name всввввввввввввввввввввввввв: #REF!
Name выб: #REF!
Name выпуск: #REF!
Name выьлепвввввпмп: #REF!
Name еваопродолжэрщэрзшщщх: #REF!
Name измен: #REF!
Name итого: #REF!
Name итого_сантех: #REF!
Name итого_стр: #REF!
Name итого_строит: #REF!
Name итого_технол: #REF!
Name итого_электр: #REF!
Name квота: #REF!
Name кккккккккк: #REF!
Name корек: #REF!
Name корект: #REF!
Name корректир: #REF!
Name лен: #REF!
Name лот: #REF!
Name мамиааааааааааааааааааааааааааааа: #REF!
Name ммпоослччччччччччрччапппппппппр: #REF!
Name мрол: #REF!
Name оз: #REF!
Name озелен: #REF!
Name озеленение: #REF!
Name озеленение2: #REF!
Name ОСР: #REF!
Name ОСР110: #REF!
Name ОСР111: #REF!

Sheet 25305
A1: СОГЛАСОВАНО: | E1: ФГУП "Комбинат "Электрохимприбор" | M1: УТВЕРЖДАЮ:
G2: (наименование стройки) | M2: Зам.генерального директора
A3: __________________ | N3: Е.В. Гордеев
A4: " _____ " __________ 2014 г. | M4: __________________
G5: ЛОКАЛЬНЫЙ СМЕТНЫЙ РАСЧЕТ № 25305 | M5: "______ " __________2014 г.
G6: (локальная смета)
C9: на | D9: Реконструкцию фасадов общежития "Дружба" (Инв.№ 6000004)
D10: Раздел: архитектурно-строительный
D11: (наименование работ и затрат, наименование объекта)
D13: Основание: 24859-14-АС
D14: Сметная стоимость строительных работ _______________________________________________________________________________________________ | J14: ___________________________1087,441 | L14: тыс. руб.
D15: Средства на оплату труда _______________________________________________________________________________________________ | J15: ___________________________172,125 | L15: тыс. руб.
D16: Сметная трудоемкость _______________________________________________________________________________________________ | J16: _______________________________________________________________________________________________11937,94 | L16: чел.час
D17: Материалы _________________________________________________________ | K17: 635,577 тыс.руб.
D18: Составлен(а) в базовых ценах 2001г. в редакции 2009г.
A20: № пп | B20: Обоснование | C20: Наименование | D20: Ед. изм. | E20: Кол. | F20: Стоимость единицы, руб. | J20: Общая стоимость, руб. | N20: Т/з осн. раб.на ед. | O20: Т/з осн. раб. Всего | P20: Т/з мех. на ед. | Q20: Т/з мех. Всего
F21: Всего | G21: В том числе | J21: Всего | K21: В том числе
G22: Осн.З/п | H22: Эк.Маш | I22: З/пМех | K22: Осн.З/п | L22: Эк.Маш | M22: З/пМех
A23: 1 | B23: 2 | C23: 3 | D23: 4 | E23: 5 | F23: 6 | G23: 7 | H23: 8 | I23: 9 | J23: 10 | K23: 11 | L23: 12 | M23: 13 | N23: 14 | O23: 15 | P23: 16 | Q23: 17
A24: Отделочные работы по фасаду
A25: 1 | B25: ТЕРр61-20-1 | C25: Отбивка штукатурки и штукатурка наружных прямолинейных откосов по камню и бетону цементно-известковым раствором с земли и лесов | D25: 100 м2 | E25: 1.3 | F25: 4237.64 | G25: 4233.31 | H25: 2.62 | J25: 5509 | K25: 5503 | L25: 3 | N25: 323.4 | O25: 420.42
A26: 2 | B26: ТЕРр61-17-1 | C26: Отбивка штукатурки и штукатурка наружных столбов, прямоугольных колонн и пилястр с земли и лесов по камню и бетону цементно-известковым раствором гладких толщиной слоя до 20 мм ( в т.ч. под балконами) | D26: 100 м2 | E26: 0.96 | F26: 3285.47 | G26: 3282.45 | H26: 1.31 | J26: 3154 | K26: 3151 | L26: 1 | N26: 250.76 | O26: 240.73
A27: 3 | B27: ТЕРр61-22-7 | C27: Отбивка штукатурки и штукатурка наружных прямолинейных вертикальных тяг по камню и бетону цементно-известковым раствором длиной в одном месте до 5 м с земли и лесов | D27: 100 м2 тяг | E27: 0.12 | F27: 9400.5 | G27: 9395.35 | H27: 3.44 | J27: 1128 | K27: 1127 | N27: 717.75 | O27: 86.13
A28: 4 | B28: ТЕРр61-22-4 | C28: Отбивка штукатурки и штукатурка наружных прямолинейных горизонтальных тяг по камню и бетону цементно-известковым раствором длиной в одном месте более 5 м с земли и лесов | D28: 100 м2 тяг | E28: 2.4 | F28: 6117 | G28: 6111.85 | H28: 3.44 | J28: 14681 | K28: 14668 | L28: 8 | N28: 466.91 | O28: 1120.58
A29: 5 | B29: ТЕРр61-10-1 | C29: Отбивка штукатурки и штукатурка гладких фасадов по камню и бетону с земли и лесов цементно-известковым раствором площадью отдельных мест до 5 м2 толщиной слоя до 20 мм (крылец) | D29: 100 м2 | E29: 0.1 | F29: 3935.28 | G29: 2486.67 | H29: 1.37 | J29: 394 | K29: 249 | N29: 201.84 | O29: 20.18
A30: 6 | B30: ТЕРр61-10-2 | C30: Отбивка штукатурки и штукатурка гладких фасадов по камню и бетону с земли и лесов на каждые следующие 10 мм толщины слоя (крылец) КОЭФ. К ПОЗИЦИИ: изменение толщины слоя до 40 мм ПЗ=2 (ОЗП=2; ЭМ=2 к расх.; ЗПМ=2; МАТ=2 к расх.; ТЗ=2; ТЗМ=2) | D30: 100 м2 | E30: 0.1 | F30: 2338.4 | G30: 891.48 | H30: 1.38 | J30: 234 | K30: 89 | N30: 72.36 | O30: 7.24
A31: 7 | B31: ТЕР46-02-009-02 | C31: Отбивка штукатурки с поверхностей стен фасада | D31: 100 м2 | E31: 28.24 | F31: 250.79 | G31: 250.79 | J31: 7082 | K31: 7082 | N31: 22.82 | O31: 644.44
A32: 8 | B32: ТЕРр61-26-2 | C32: Перетирка поверхности фасадов с земли и лесов (ж/б архитектурные элементы: карнизы, капители) | D32: 100 м2 | E32: 3.09 | F32: 454.78 | G32: 434.83 | H32: 0.19 | J32: 1405 | K32: 1344 | L32: 1 | N32: 35.73 | O32: 110.41
A33: 9 | B33: ТЕР15-04-006-04 | C33: Покрытие поверхностей грунтовкой глубокого проникновения за 2 раза стен | D33: 100 м2 | E33: 33.95 | F33: 224.12 | G33: 221.14 | H33: 2.59 | I33: 0.16 | J33: 7609 | K33: 7508 | L33: 88 | M33: 5 | N33: 16.32 | O33: 554.06 | P33: 0.01 | Q33: 0.34
A34: 10 | B34: ТЕР15-04-006-04 | C34: Покрытие поверхностей грунтовкой глубокого проникновения за 2 раза откосов | D34: 100 м2 | E34: 1.3 | F34: 224.12 | G34: 221.14 | H34: 2.59 | I34: 0.16 | J34: 291 | K34: 287 | L34: 3 | N34: 16.32 | O34: 21.22 | P34: 0.01 | Q34: 0.01
A35: 11 | B35: ТСЦ-101-2786 | C35: Грунтовка полимерная | D35: кг | E35: 705 | F35: 20.4 | J35: 14382
A36: 12 | B36: ТЕР15-02-002-01 | C36: Высококачественная штукатурка фасадов цементно-известковым раствором по камню стен гладких | D36: 100 м2 | E36: 24.59 | F36: 1724.68 | G36: 1636.73 | H36: 86.24 | I36: 33.39 | J36: 42410 | K36: 40247 | L36: 2121 | M36: 821 | N36: 117.16 | O36: 2880.96 | P36: 2.78 | Q36: 68.36
A37: 13 | B37: Цена поставщика | C37: Теплоизоляционная штукатурная смесь UMKA, расход сухой смеси при толщине слоя 2 см - 8 кг/м2 | D37: кг | E37: 23496 | F37: 15,18 750/7/5,98/1,18 | J37: 356669
A38: 14 | B38: ТЕР15-02-036-03 | C38: Штукатурка по сетке без устройства каркаса высококачественная стен (цоколя) толщиной слоя до 40 мм | D38: 100 м2 | E38: 3.56 | F38: 5694.92 | G38: 2193.47 | H38: 73.63 | I38: 26.55 | J38: 20274 | K38: 7809 | L38: 262 | M38: 95 | N38: 161.88 | O38: 576.29 | P38: 1.7 | Q38: 6.05
A39: 15 | B39: Цена поставщика | C39: Теплоизоляционная штукатурная смесь UMKA, расход сухой смеси при толщине слоя 4 см - 16 кг/м2 | D39: кг | E39: 5696 | F39: 15,18 750/7/5,98/1,18 | J39: 86465
A40: 16 | B40: ТЕРр61-10-1 | C40: Отбивка штукатурки и штукатурка гладких фасадов по камню и бетону с земли и лесов цементно-известковым раствором площадью отдельных мест до 5 м2 толщиной слоя до 20 мм (приямков) | D40: 100 м2 | E40: 0.33 | F40: 3935.28 | G40: 2486.67 | H40: 1.37 | J40: 1299 | K40: 821 | N40: 201.84 | O40: 66.61
A41: 17 | B41: ТЕР15-04-012-03 | C41: Окраска фасадов с подготовкой поверхности акриловая (в т.ч. наружных откосов) | D41: 100 м2 | E41: 29.55 | F41: 167.87 | G41: 122.56 | H41: 5.84 | J41: 4961 | K41: 3622 | L41: 173 | N41: 9.59 | O41: 283.38
A42: 18 | B42: ТЕР15-04-012-03 | C42: Окраска фасадов с подготовкой поверхности акриловая (вертикальные и горизонтальные тяги, архитектурные элементы, выступы, колонны и карниз) КОЭФ. К ПОЗИЦИИ: 3.21 Окраска сложных фасадов (при площади занимаемой архитектурными деталями более 30% площади стены) ОЗП=1,25; ЭМ=1,25 к расх.; ЗПМ=1,25; МАТ=1,25 к расх.; ТЗ=1,25; ТЗМ=1,25 | D42: 100 м2 | E42: 6.57 | F42: 209.84 | G42: 153.2 | H42: 7.3 | J42: 1379 | K42: 1007 | L42: 48 | N42: 11.99 | O42: 78.77
A43: 19 | B43: ТСЦ-101-0415 | C43: Краска для наружных работ | D43: т | E43: 1.44 | F43: 29108.59 | J43: 41916
A44: 20 | B44: ТЕРр58-20-1 | C44: Смена обделок из листовой стали (поясков, сандриков, отливов, карнизов) шириной до 0,4 м | D44: 100 м | E44: 2.64 | F44: 3839.29 | G44: 497.33 | H44: 7.59 | I44: 1.25 | J44: 10136 | K44: 1313 | L44: 20 | M44: 3 | N44: 41.41 | O44: 109.32 | P44: 0.08 | Q44: 0.21
A45: 21 | B45: ТЕРр58-10-5 | C45: Смена отливов (отметов) водосточных труб | D45: 100 шт. | E45: 0.18 | F45: 4508.37 | G45: 637.73 | H45: 8.73 | J45: 812 | K45: 115 | L45: 2 | N45: 53.1 | O45: 9.56
A46: 22 | B46: ТЕРр58-10-1 | C46: Смена прямых звеньев водосточных труб с земли, лестниц или подмостей | D46: 100 м | E46: 3.28 | F46: 7407.56 | G46: 441.97 | H46: 14.19 | J46: 24297 | K46: 1450 | L46: 47 | N46: 36.8 | O46: 120.7
A47: 23 | B47: ТЕРр58-10-3 | C47: Смена колен водосточных труб с земли, лестниц и подмостей | D47: 100 шт. | E47: 1.08 | F47: 4517.08 | G47: 767.44 | H47: 8.73 | J47: 4878 | K47: 829 | L47: 9 | N47: 63.9 | O47: 69.01
A48: 24 | B48: ТЕРр58-10-6 | C48: Смена воронок водосточных труб с земли, лестниц или подмостей | D48: 100 шт. | E48: 0.18 | F48: 7931.37 | G48: 637.73 | H48: 8.73 | J48: 1428 | K48: 115 | L48: 2 | N48: 53.1 | O48: 9.56
A49: 25 | B49: ТСЦ-301-0040 | C49: Хомуты для крепления труб | D49: шт. | E49: 180 | F49: 8.09 | J49: 1456
A50: 26 | B50: ТСЦ-110-0182 | C50: Штыри установочные | D50: шт. | E50: 180 | F50: 3.68 | J50: 662
A51: 27 | B51: ТЕРр62-35-4 | C51: Окраска масляными составами ранее окрашенных металлических решеток и оград художественных с рельефом за 2 раза (балконных, козырьков, крылец) | D51: 100 м2 | E51: 0.504 | F51: 2116.56 | G51: 1225.52 | H51: 1.09 | J51: 1067 | K51: 618 | L51: 1 | N51: 100.7 | O51: 50.75
A52: 28 | B52: ТЕРр62-35-2 | C52: Окраска масляными составами ранее окрашенных металлических решеток приямков, пожарной лестницы, ограждения на кровле за 2 раза | D52: 100 м2 | E52: 2.61 | F52: 1358.16 | G52: 982.48 | H52: 1.09 | J52: 3545 | K52: 2564 | L52: 3 | N52: 80.73 | O52: 210.71
A53: Балконы
A54: 29 | B54: ТЕРр57-2-4 | C54: Разборка покрытий полов цементных | D54: 100 м2 | E54: 0.145 | F54: 4262.51 | G54: 1335.51 | H54: 2927 | I54: 288.33 | J54: 618 | K54: 194 | L54: 424 | M54: 42 | N54: 111.2 | O54: 16.12 | P54: 21 | Q54: 3.05
A55: 30 | B55: ТЕР11-01-004-03 | C55: Разборка гидроизоляции оклеечной рулонными материалами на резино-битумной мастике КОЭФ. К ПОЗИЦИИ: Разборка ОЗП=0,8; ЭМ=0,8 к расх.; ЗПМ=0,8; МАТ=0 к расх.; ТЗ=0,8; ТЗМ=0,8 | D55: 100 м2 | E55: 0.145 | F55: 427.5 | G55: 372.5 | H55: 55 | I55: 2.87 | J55: 62 | K55: 54 | L55: 8 | N55: 26.29 | O55: 3.81 | P55: 0.18 | Q55: 0.03
A56: 31 | B56: ТЕР11-01-004-03 | C56: Устройство гидроизоляции оклеечной рулонными материалами на резино-битумной мастике, первый слой | D56: 100 м2 | E56: 0.145 | F56: 4281.63 | G56: 465.63 | H56: 68.75 | I56: 3.59 | J56: 621 | K56: 68 | L56: 10 | M56: 1 | N56: 32.86 | O56: 4.76 | P56: 0.23 | Q56: 0.03
A57: 32 | B57: ТЕР11-01-004-04 | C57: Устройство гидроизоляции оклеечной рулонными материалами на резино-битумной мастике, последующий слой | D57: 100 м2 | E57: 0.145 | F57: 3878.21 | G57: 334.98 | H57: 45.54 | I57: 2.5 | J57: 562 | K57: 49 | L57: 7 | N57: 23.64 | O57: 3.43 | P57: 0.16 | Q57: 0.02
A58: 33 | B58: ТЕР11-01-015-03 | C58: Устройство покрытий цементных толщиной 20 мм | D58: 100 м2 | E58: 0.145 | F58: 2111.36 | G58: 337.15 | H58: 198.78 | I58: 41.24 | J58: 306 | K58: 49 | L58: 29 | M58: 6 | N58: 30.13 | O58: 4.37 | P58: 2.64 | Q58: 0.38
A59: 34 | B59: ТЕР11-01-015-04 | C59: Устройство покрытий на каждые 5 мм изменения толщины покрытия добавлять или исключать к расценке 11-01-015-03 КОЭФ. К ПОЗИЦИИ: изменение толщины слоя до 40 мм ПЗ=4 (ОЗП=4; ЭМ=4 к расх.; ЗПМ=4; МАТ=4 к расх.; ТЗ=4; ТЗМ=4) | D59: 100 м2 | E59: 0.145 | F59: 1640.56 | G59: 51.48 | H59: 32.44 | I59: 11.88 | J59: 238 | K59: 7 | L59: 5 | M59: 2 | N59: 4.6 | O59: 0.67 | P59: 0.76 | Q59: 0.11
A60: 35 | B60: ТЕР06-01-015-10 | C60: Армирование подстилающих слоев и набетонок | D60: 1 т | E60: 0.051 | F60: 438.07 | G60: 157.75 | H60: 44.41 | I60: 2.91 | J60: 22 | K60: 8 | L60: 2 | N60: 12.64 | O60: 0.64 | P60: 0.16 | Q60: 0.01
A61: 36 | B61: ТСЦ-204-0084 | C61: Сетка сварная из холоднотянутой проволоки 4-5 мм | D61: т | E61: 0.051 | F61: 7390 | J61: 377
A62: 37 | B62: ТЕР12-01-010-01 | C62: Устройство мелких покрытий (брандмауэры, парапеты, свесы и т.п.) из листовой оцинкованной стали | D62: 100 м2 | E62: 0.084 | F62: 15322.3 | G62: 1354.13 | H62: 58.83 | I62: 3.64 | J62: 1287 | K62: 114 | L62: 5 | N62: 112.75 | O62: 9.47 | P62: 0.2 | Q62: 0.02
A63: Двери
A64: 38 | B64: ТЕР46-04-012-03 | C64: Разборка деревянных заполнений проемов дверных | D64: 100 м2 | E64: 0.277 | F64: 1496.49 | G64: 1184.57 | H64: 311.92 | I64: 120.9 | J64: 415 | K64: 329 | L64: 86 | M64: 33 | N64: 103.91 | O64: 28.78 | P64: 7.74 | Q64: 2.14
A65: 39 | B65: ТЕР10-01-047-01 прим. | C65: Установка дверных блоков типа ДАГ в наружных проемах в каменных стенах площадью проема до 3 м2 | D65: 100 м2 | E65: 0.152 | F65: 18063.9 | G65: 2508.48 | H65: 618.36 | I65: 16.4 | J65: 2746 | K65: 381 | L65: 94 | M65: 2 | N65: 201 | O65: 30.55 | P65: 1.05 | Q65: 0.16
A66: 40 | B66: ТСЦ-203-8084 прим. | C66: Блоки дверные наружные или тамбурные (с заполнением панелями или другими непрозрачными материалами) по ТУ 5270-004-259311-0313 | D66: м2 | E66: 15.2 | F66: 1318.23 | J66: 20037
A67: 41 | B67: ТЕР10-01-047-02 | C67: Установка дверных блоков типа ДАЧ в наружных проемах в каменных стенах площадью проема более 3 м2 | D67: 100 м2 | E67: 0.125 | F67: 10647.08 | G67: 1538.89 | H67: 499.53 | I67: 8.12 | J67: 1331 | K67: 192 | L67: 62 | M67: 1 | N67: 124.91 | O67: 15.61 | P67: 0.52 | Q67: 0.07
A68: 42 | B68: ТСЦ-203-8084 прим. | C68: Блоки дверные наружные или тамбурные с заполнением стеклопакетами, с фрамугой (со светопрозрачным заполнением верхней части и глухим заполнением нижней части полотна) по ТУ 5270-004-259311-0313 | D68: м2 | E68: 12.5 | F68: 1318.23 | J68: 16478
A69: 43 | B69: ТСЦ-101-0893 | C69: Скобяные изделия для блоков входных дверей в здание двупольных | D69: компл. | E69: 5 | F69: 235.01 | J69: 1175
A70: 44 | B70: ТСЦ-101-0892 | C70: Скобяные изделия при заполнении отдельными элементами дверей входных в здание однопольных | D70: компл. | E70: 5 | F70: 174 | J70: 870
A71: 45 | B71: ТСЦ-101-2001 | C71: Шпингалеты дверные, оцинкованные или окрашенные | D71: компл. | E71: 5 | F71: 14.41 | J71: 72
A72: 46 | B72: ФЕР09-04-012-02 | C72: Установка дверного доводчика к дверям КОЭФ. К ПОЗИЦИИ: Приведение расценок ФЕР к территориальному уровню (Письмо УРЦЦС Ц-297 от 12.04.2011) ОЗП=1,41; ЭМ=1,242; ЗПМ=1,41; МАТ=1,052 | D72: 1 шт. | E72: 10 | F72: 19.85 | G72: 15.52 | H72: 3.56 | J72: 199 | K72: 155 | L72: 36 | N72: 1.11 | O72: 11.1
A73: 47 | B73: ТСЦ-101-0961 | C73: Закрыватель дверной гидравлический рычажный в алюминиевом корпусе | D73: шт. | E73: 10 | F73: 669.27 | J73: 6693
A74: Прочие работы
A75: 48 | B75: ТЕРр62-43-1 | C75: Защита стекол при окраске фасадов с земли и лесов | D75: 100 м2 | E75: 5.34 | F75: 195.66 | G75: 185.73 | J75: 1045 | K75: 992 | N75: 16.9 | O75: 90.25
A76: 49 | B76: ТЕР08-07-001-01 | C76: Установка и разборка наружных инвентарных лесов высотой до 16 м трубчатых для кладки облицовки | D76: 100 м2 вертик. проекции | E76: 45 | F76: 973.75 | G76: 528.18 | H76: 7.64 | J76: 43819 | K76: 23768 | L76: 344 | N76: 43.4 | O76: 1953
A77: 50 | B77: ФССЦпг01-01-01-041 | C77: Погрузочные работы при автомобильных перевозках: Мусор строительный с погрузкой вручную КОЭФ. К ПОЗИЦИИ: п.1.1.9 ОП Прил.1. Поясной коэффициент: Свердловская область ПЗ=1,1 (ОЗП=1,1; ЭМ=1,1; ЗПМ=1,1; МАТ=1,1); Коэффициент техн.часть п.3 ПЗ=1,025 (ОЗП=1,025; ЭМ=1,025 к расх.; ЗПМ=1,025; МАТ=1,025 к расх.; ТЗ=1,025; ТЗМ=1,025) | D77: 1 т | E77: 169.5 | F77: 48.46 | G77: 48.46 | J77: 8214 | K77: 8214
A78: 51 | B78: СЦП3-3-40-1 | C78: Перевозка грузов (мусора) автомобилями-самосвалами (работающими вне карьеров): расстояние 40 км, класс груза I КОЭФ. К ПОЗИЦИИ: При перевозке грузов к провозной плате (тарифам) применять поправочный коэффициент ПЗ=1,37 (ОЗП=1,37; ЭМ=1,37 к расх.; ЗПМ=1,37; МАТ=1,37 к расх.; ТЗ=1,37; ТЗМ=1,37) | D78: т | E78: 169.5 | F78: 52.85 | H78: 52.85 | J78: 8958 | L78: 8958
A79: Итого прямые затраты по смете в ценах 2001г. | J79: 775668 | K79: 136092 | L79: 12862 | M79: 1011 | O79: 9863.59 | Q79: 80.99
A80: Итого прямые затраты по смете с учетом коэффициентов к итогам | J80: 820588 | K80: 170645 | L80: 14366 | M80: 1480 | O80: 11937.94 | Q80: 114.06
A81: В том числе, справочно:
A82: Районный к-т 4,3% (Поз. 1-6, 8, 16, 7, 38, 9-10, 12, 14, 17-18, 20-24, 27-28, 48, 29-34, 37, 39, 41, 46, 49-51) | J82: 5895 | K82: 5852 | L82: 43 | M82: 43
A83: При реконструкции зданий и сооружений работы, аналогичные технологическим процессам в новом строительстве ОЗП=1,15; ЭМ=1,25; ЗПМ=1,25; ТЗ=1,15; ТЗМ=1,25 (Поз. 9-10, 12, 14, 17-18, 30-35, 37, 39, 41, 46, 49) | J83: 14185 | K83: 13349 | L83: 834 | M83: 243 | O83: 964.8135 | Q83: 18.8975
A84: Заготовительно-складские расходы на материалы покупные ПЗ=1,02 (ОЗП=1,02; ЭМ=1,02; МАТ=1,02) (Поз. 13, 15) | J84: 8863
A85: 11.1 Условия производства работ (фасады) ОЗП=1,15; ЭМ=1,15; ЗПМ=1,15; ТЗ=1,15; ТЗМ=1,15 (Поз. 9-10, 12, 14, 17-18, 30-35, 37, 39, 41, 46, 49) | J85: 15977 | K85: 15352 | L85: 626 | M85: 182 | O85: 1109.5365 | Q85: 14.1735
A86: Накладные расходы | J86: 168516
A87: В том числе, справочно:
A88: 79% ФОТ (от 28111) (Поз. 1-6, 8, 16) | J88: 22208
A89: 80% ФОТ (от 4599) (Поз. 27-28, 48, 29) | J89: 3679
A90: 83% ФОТ (от 3989) (Поз. 20-24) | J90: 3311
A91: 90% ФОТ (от 214) (Поз. 46) | J91: 193
A92: 105% ФОТ (от 84815) (Поз. 9-10, 12, 14, 17-18, 35) | J92: 89056
A93: 110% ФОТ (от 7764) (Поз. 7, 38) | J93: 8540
A94: 118% ФОТ (от 796) (Поз. 39, 41) | J94: 939
A95: 120% ФОТ (от 158) (Поз. 37) | J95: 190
A96: 122% ФОТ (от 32785) (Поз. 49) | J96: 39998
A97: 123% ФОТ (от 327) (Поз. 30-34) | J97: 402
A98: Сметная прибыль | J98: 98337
A99: В том числе, справочно:
A100: 50% ФОТ (от 32464) (Поз. 1-6, 8, 16, 27-28, 48) | J100: 16233
A101: 55% ФОТ (от 84805) (Поз. 9-10, 12, 14, 17-18) | J101: 46643
A102: 63% ФОТ (от 796) (Поз. 39, 41) | J102: 501
A103: 65% ФОТ (от 4157) (Поз. 20-24, 35, 37) | J103: 2703
A104: 68% ФОТ (от 246) (Поз. 29) | J104: 167
...

Sheet 25319
A1: СОГЛАСОВАНО: | E1: ФГУП "Комбинат "Электрохимприбор" | M1: УТВЕРЖДАЮ:
G2: (наименование стройки) | M2: Зам.генерального директора
A3: __________________ | N3: Е.В. Гордеев
A4: " _____ " __________ 2014 г. | M4: __________________
G5: ЛОКАЛЬНЫЙ СМЕТНЫЙ РАСЧЕТ № 25319 | M5: "______ " __________2014 г.
G6: Дополнение к смете № 25305 (вариант 2)
C9: на | D9: Реконструкцию фасадов общежития "Дружба" (замена окон) Инв.№ 6000004.
D10: Раздел: архитектурно-строительный
D11: (наименование работ и затрат, наименование объекта)
D13: Основание: 24859-14-АС
D14: Сметная стоимость строительных работ _______________________________________________________________________________________________ | J14: ___________________________1008,518 | L14: тыс. руб.
D15: Средства на оплату труда _______________________________________________________________________________________________ | J15: ___________________________48,687 | L15: тыс. руб.
D16: Сметная трудоемкость _______________________________________________________________________________________________ | J16: _______________________________________________________________________________________________3594,8 | L16: чел.час
D17: Материалы _________________________________________________________ | K17: 870,344 тыс.руб.
D18: Составлен(а) в базовых ценах 2001г. в редакции 2009г.
A20: № пп | B20: Обоснование | C20: Наименование | D20: Ед. изм. | E20: Кол. | F20: Стоимость единицы, руб. | J20: Общая стоимость, руб. | N20: Т/з осн. раб.на ед. | O20: Т/з осн. раб. Всего | P20: Т/з мех. на ед. | Q20: Т/з мех. Всего
F21: Всего | G21: В том числе | J21: Всего | K21: В том числе
G22: Осн.З/п | H22: Эк.Маш | I22: З/пМех | K22: Осн.З/п | L22: Эк.Маш | M22: З/пМех
A23: 1 | B23: 2 | C23: 3 | D23: 4 | E23: 5 | F23: 6 | G23: 7 | H23: 8 | I23: 9 | J23: 10 | K23: 11 | L23: 12 | M23: 13 | N23: 14 | O23: 15 | P23: 16 | Q23: 17
A24: 1 | B24: ТЕР09-06-001-02 | C24: Разборка металлических решеток КОЭФ. К ПОЗИЦИИ: Разборка металлических конструкций ОЗП=0,7; ЭМ=0,7 к расх.; ЗПМ=0,7; МАТ=0 к расх.; ТЗ=0,7; ТЗМ=0,7 | D24: 1 т | E24: 0.25 | F24: 533.68 | G24: 426.99 | H24: 106.69 | I24: 1.53 | J24: 133 | K24: 107 | L24: 26 | N24: 35.55 | O24: 8.89 | P24: 0.08 | Q24: 0.02
A25: 2 | B25: ТЕРр62-35-4 | C25: Окраска масляными составами ранее окрашенных металлических решеток и оград художественных с рельефом за 2 раза (объем поверхности худ.решеток с коэф.2,5 - тех.часть п.2.61) | D25: 100 м2 | E25: 0.64 | F25: 2116.56 | G25: 1225.52 | H25: 1.09 | J25: 1355 | K25: 784 | L25: 1 | N25: 100.7 | O25: 64.45
A26: 3 | B26: ТЕР09-06-001-02 | C26: Установка существующих оконных решеток КОЭФ. К ПОЗИЦИИ: При реконструкции зданий и сооружений работы, аналогичные технологическим процессам в новом строительстве ОЗП=1,15; ЭМ=1,25 к расх.; ЗПМ=1,25; ТЗ=1,15; ТЗМ=1,25 | D26: 1 т | E26: 0.199 | F26: 1016.45 | G26: 701.49 | H26: 190.51 | I26: 2.73 | J26: 202 | K26: 140 | L26: 38 | M26: 1 | N26: 58.41 | O26: 11.62 | P26: 0.15 | Q26: 0.03
A27: 4 | B27: ТЕР46-04-012-01 | C27: Разборка деревянных заполнений проемов оконных с подоконными досками | D27: 100 м2 | E27: 5.34 | F27: 2461.28 | G27: 2149.36 | H27: 311.92 | I27: 120.9 | J27: 13143 | K27: 11478 | L27: 1665 | M27: 646 | N27: 188.54 | O27: 1006.8 | P27: 7.74 | Q27: 41.33
A28: 5 | B28: ТЕР46-04-012-02 | C28: Разборка деревянных заполнений проемов оконных без подоконных досок | D28: 100 м2 | E28: 0.166 | F28: 2281.38 | G28: 1969.46 | H28: 311.92 | I28: 120.9 | J28: 379 | K28: 327 | L28: 52 | M28: 20 | N28: 172.76 | O28: 28.68 | P28: 7.74 | Q28: 1.28
A29: 6 | B29: ТЕР10-01-034-03 | C29: Установка оконных блоков поворотных с площадью проема до 2 м2 одностворчатых КОЭФ. К ПОЗИЦИИ: При реконструкции зданий и сооружений работы, аналогичные технологическим процессам в новом строительстве ОЗП=1,15; ЭМ=1,25 к расх.; ЗПМ=1,25; ТЗ=1,15; ТЗМ=1,25 | D29: 100 м2 | E29: 0.394 | F29: 18462.93 | G29: 3061.43 | H29: 830.81 | I29: 34.36 | J29: 7274 | K29: 1206 | L29: 327 | M29: 14 | N29: 248.49 | O29: 97.91 | P29: 2.2 | Q29: 0.87
A30: 7 | B30: Калькуляция на 2014г. | C30: Оконные блоки ОДРСП с форточкой размером, мм: 1760х800 | D30: м2 | E30: 39.42 | F30: 1173,08 7015/5,98 | J30: 46243
A31: 8 | B31: ТЕР10-01-034-05 | C31: Установка оконных блоков поворотных с площадью проема до 2 м2 двухстворчатых КОЭФ. К ПОЗИЦИИ: При реконструкции зданий и сооружений работы, аналогичные технологическим процессам в новом строительстве ОЗП=1,15; ЭМ=1,25 к расх.; ЗПМ=1,25; ТЗ=1,15; ТЗМ=1,25 | D31: 100 м2 | E31: 4.55 | F31: 15400.68 | G31: 2657.21 | H31: 794.38 | I31: 34.36 | J31: 70073 | K31: 12090 | L31: 3614 | M31: 156 | N31: 215.68 | O31: 981.34 | P31: 2.2 | Q31: 10.01
A32: 9 | B32: Калькуляция на 2014г. | C32: Оконные блоки ОДРСП с форточкой размером, мм: 1760х1320 | D32: м2 | E32: 450.7 | F32: 1173,08 7015/5,98 | J32: 528707
A33: 10 | B33: Калькуляция на 2014г. | C33: Оконные блоки ОДРСП размером, мм: 870х1320, 470х1320 | D33: м2 | E33: 4.25 | F33: 1090,3 6520/5,98 | J33: 4634
A34: 11 | B34: ТЕР10-01-034-06 | C34: Установка оконных блоков поворотных с площадью проема более 2 м2 двухстворчатых КОЭФ. К ПОЗИЦИИ: При реконструкции зданий и сооружений работы, аналогичные технологическим процессам в новом строительстве ОЗП=1,15; ЭМ=1,25 к расх.; ЗПМ=1,25; ТЗ=1,15; ТЗМ=1,25 | D34: 100 м2 | E34: 0.251 | F34: 11647.23 | G34: 2064.56 | H34: 659.35 | I34: 12.89 | J34: 2923 | K34: 518 | L34: 165 | M34: 3 | N34: 167.58 | O34: 42.06 | P34: 0.83 | Q34: 0.21
A35: 12 | B35: Калькуляция на 2014г. | C35: Оконные блоки ОДРСП с форточкой размером, мм: 1760х600 | D35: м2 | E35: 8.45 | F35: 1173,08 7015/5,98 | J35: 9913
A36: 13 | B36: Калькуляция на 2014г. | C36: Оконные блоки ОДРСП размером, мм: 2600х800 | D36: м2 | E36: 16.64 | F36: 1090,3 6520/5,98 | J36: 18143
A37: 14 | B37: ТЕР10-01-034-08 | C37: Установка оконных блоков поворотных с площадью проема более 2 м2 трехстворчатых КОЭФ. К ПОЗИЦИИ: При реконструкции зданий и сооружений работы, аналогичные технологическим процессам в новом строительстве ОЗП=1,15; ЭМ=1,25 к расх.; ЗПМ=1,25; ТЗ=1,15; ТЗМ=1,25 | D37: 100 м2 | E37: 0.26 | F37: 11966.38 | G37: 2113.3 | H37: 667.55 | I37: 12.89 | J37: 3111 | K37: 549 | L37: 174 | M37: 3 | N37: 171.53 | O37: 44.6 | P37: 0.83 | Q37: 0.22
A38: 15 | B38: Калькуляция на 2014г. | C38: Оконные блоки ОДРСП с форточкой размером, мм: 1760х2370 | D38: м2 | E38: 16.68 | F38: 1173,08 7015/5,98 | J38: 19567
A39: 16 | B39: Калькуляция на 2014г. | C39: Оконные блоки ОДРСП размером, мм: 1760х1770 | D39: м2 | E39: 9.35 | F39: 1090,3 6520/5,98 | J39: 10194
A40: 17 | B40: ТЕР10-01-033-03 | C40: Установка деревянных подоконных досок в каменных стенах высотой проема более 2 м КОЭФ. К ПОЗИЦИИ: При реконструкции зданий и сооружений работы, аналогичные технологическим процессам в новом строительстве ОЗП=1,15; ЭМ=1,25 к расх.; ЗПМ=1,25; ТЗ=1,15; ТЗМ=1,25 | D40: 100 м2 проемов | E40: 5.34 | F40: 2797.73 | G40: 635.81 | H40: 108.34 | I40: 2.5 | J40: 14940 | K40: 3395 | L40: 579 | M40: 13 | N40: 52.24 | O40: 278.96 | P40: 0.14 | Q40: 0.75
A41: 18 | B41: Калькуляция на 2014г. | C41: Подоконная доска | D41: м2 | E41: 175.6 | F41: 542,64 3245/5,98 | J41: 95288
A42: 19 | B42: ТЕР15-07-016-01 | C42: Облицовка откосов сэндвич-панелями на клее КОЭФ. К ПОЗИЦИИ: При реконструкции зданий и сооружений работы, аналогичные технологическим процессам в новом строительстве ОЗП=1,15; ЭМ=1,25 к расх.; ЗПМ=1,25; ТЗ=1,15; ТЗМ=1,25 | D42: 100 м2 | E42: 6.49 | F42: 3051.56 | G42: 1005.93 | H42: 15.61 | I42: 6.05 | J42: 19805 | K42: 6528 | L42: 101 | M42: 39 | N42: 81.65 | O42: 529.91 | P42: 0.39 | Q42: 2.53
A43: 20 | B43: Цена поставщика | C43: Сэндвич-панель для отделки откосов 10х1500х3000 | D43: шт. | E43: 130 | F43: 170,06 1200/5,98/1,18 | J43: 22108
A44: 21 | B44: ТЕРр61-2-7 | C44: Отбивка штукатурки и штукатурка внутренних стен по камню и бетону цементно-известковым раствором, площадью отдельных мест до 1 м2 толщиной слоя до 20 мм | D44: 100 м2 | E44: 0.304 | F44: 4324.05 | G44: 2849.81 | H44: 27 | I44: 10.47 | J44: 1315 | K44: 866 | L44: 8 | M44: 3 | N44: 228.35 | O44: 69.42 | P44: 0.67 | Q44: 0.2
A45: 22 | B45: ТЕРр58-20-1 | C45: Смена обделок из листовой стали (поясков, сандриков, отливов, карнизов) шириной до 0,4 м | D45: 100 м | E45: 3.16 | F45: 3839.29 | G45: 497.33 | H45: 7.59 | I45: 1.25 | J45: 12132 | K45: 1572 | L45: 24 | M45: 4 | N45: 41.41 | O45: 130.86 | P45: 0.08 | Q45: 0.25
A46: 23 | B46: ФССЦпг01-01-01-041 | C46: Погрузочные работы при автомобильных перевозках: Мусор строительный с погрузкой вручную КОЭФ. К ПОЗИЦИИ: п.1.1.9 ОП Прил.1. Поясной коэффициент: Свердловская область ПЗ=1,1 (ОЗП=1,1; ЭМ=1,1; ЗПМ=1,1; МАТ=1,1); Коэффициент техн.часть п.3 ПЗ=1,025 (ОЗП=1,025; ЭМ=1,025 к расх.; ЗПМ=1,025; МАТ=1,025 к расх.; ТЗ=1,025; ТЗМ=1,025) | D46: 1 т | E46: 51.6 | F46: 48.46 | G46: 48.46 | J46: 2501 | K46: 2501
A47: 24 | B47: СЦП3-3-40-1 | C47: Перевозка грузов (мусора) автомобилями-самосвалами (работающими вне карьеров): расстояние 40 км, класс груза I КОЭФ. К ПОЗИЦИИ: При перевозке грузов к провозной плате (тарифам) применять поправочный коэффициент ПЗ=1,37 (ОЗП=1,37; ЭМ=1,37 к расх.; ЗПМ=1,37; МАТ=1,37 к расх.; ТЗ=1,37; ТЗМ=1,37) | D47: т | E47: 51.6 | F47: 52.85 | H47: 52.85 | J47: 2727 | L47: 2727
A48: Итого прямые затраты по смете в ценах 2001г. | J48: 906810 | K48: 42061 | L48: 9501 | M48: 902 | O48: 3295.5 | Q48: 57.7
A49: Итого прямые затраты по смете с учетом коэффициентов к итогам | J49: 928349 | K49: 47710 | L49: 10295 | M49: 977 | O49: 3594.8 | Q49: 59.9
A50: В том числе, справочно:
A51: Районный к-т 4,3% (Поз. 1, 3, 2, 4-6, 8, 11, 14, 17, 19, 21-24) | J51: 1850 | K51: 1809 | L51: 39 | M51: 39
A52: Заготовительно-складские расходы на материалы покупные ПЗ=1,02 (ОЗП=1,02; ЭМ=1,02; МАТ=1,02) (Поз. 7, 9-10, 12-13, 15-16, 18, 20) | J52: 15096
A53: 11.1 Условия производства работ (фасад) ОЗП=1,15; ЭМ=1,15; ЗПМ=1,15; ТЗ=1,15; ТЗМ=1,15 (Поз. 1, 3, 6, 8, 11, 14, 17, 19) | J53: 4593 | K53: 3838 | L53: 755 | M53: 36 | O53: 299.2935 | Q53: 2.196
A54: Накладные расходы | J54: 50985
A55: В том числе, справочно:
A56: 79% ФОТ (от 906) (Поз. 21) | J56: 716
A57: 80% ФОТ (от 818) (Поз. 2) | J57: 654
A58: 83% ФОТ (от 1644) (Поз. 22) | J58: 1365
A59: 90% ФОТ (от 298) (Поз. 1, 3) | J59: 268
A60: 105% ФОТ (от 7877) (Поз. 19) | J60: 8271
A61: 110% ФОТ (от 13008) (Поз. 4-5) | J61: 14309
A62: 118% ФОТ (от 21527) (Поз. 6, 8, 11, 14, 17) | J62: 25402
A63: Сметная прибыль | J63: 29184
A64: В том числе, справочно:
A65: 50% ФОТ (от 1724) (Поз. 2, 21) | J65: 862
A66: 55% ФОТ (от 7877) (Поз. 19) | J66: 4332
A67: 63% ФОТ (от 21527) (Поз. 6, 8, 11, 14, 17) | J67: 13562
A68: 65% ФОТ (от 1644) (Поз. 22) | J68: 1069
A69: 70% ФОТ (от 13008) (Поз. 4-5) | J69: 9106
A70: 85% ФОТ (от 298) (Поз. 1, 3) | J70: 253
A71: Итого | J71: 1008518 | O71: 3594.8 | Q71: 59.9
A72: В том числе:
A73: Материалы | J73: 870344
A74: Машины и механизмы | J74: 9318
A75: ФОТ | J75: 48687
A76: Накладные расходы | J76: 50985
A77: Сметная прибыль | J77: 29184
A78: ВСЕГО по смете | J78: 1008518 | O78: 3594.8 | Q78: 59.9
B80: Примечание: материал от разборки, пригодный для дальнейшего использования, передается балансодержателю по акту.
B82: Начальник отд. 078 _________________________ Т.М. Ковязина | I82: Составил инженер-сметчик __________________ Т.М. Шушпанова
I83: 11.04.2014 г.
I84: Ведущий инженер __________________________ В.В. Воронкова

Sheet СМР
A1: Расчет начальной (максимальной) цены на
A2: выполнение работ по реконструкции фасадов общежития "Дружба"
A4: Наименование глав ССР, объектный сметных расчетов, локальных сметных расчетов, видов прочих работ | B4: Сметная стоимость строительства в базисном уровне цен на 01.01.2000г. по ССР | F4: Остаток сметной стоимости в базисном уровне цен на 01.01.2014 | J4: Сметная стоимость строительства в базисном уровне цен на 01.01.2000г., выставленная на конкурс | N4: Текущая стоимость на момент определения начальной (максимальной) цены | O4: № обосновывающего расчета | P4: 2015 год
B5: Всего | C5: СМР | D5: Оборудование | E5: Прочие | F5: Всего | G5: СМР | H5: Оборудование | I5: Прочие | J5: Всего | K5: СМР | L5: Оборудование | M5: Прочие | P5: СМР | Q5: Оборудование | R5: Прочие
A6: 1 | B6: 2 | C6: 3 | D6: 4 | E6: 5 | F6: 6 | G6: 7 | H6: 8 | I6: 9 | J6: 10 | K6: 11 | L6: 12 | M6: 13 | N6: 14 | O6: 15 | P6: 16 | Q6: 17 | R6: 18
A7: Реконструкцию фасадов общежития "Дружба" (Инв.№ 6000004) | B7: =SUM(C7:E7) -> 1087441 | C7: ='25305'!J109 -> 1087441 | F7: =SUM(G7:I7) -> 1087441 | G7: =C7 -> 1087441 | H7: =D7 -> 0 | I7: =E7 -> 0 | J7: =SUM(K7:M7) -> 1087441 | K7: =P7 -> 1087441 | L7: =Q7 -> 0 | M7: =R7 -> 0 | O7: 25305 | P7: =G7 -> 1087441 | Q7: =H7 -> 0 | R7: =I7 -> 0
A8: Реконструкцию фасадов общежития "Дружба" (замена окон) Инв.№ 6000004. | B8: =SUM(C8:E8) -> 1008518 | C8: ='25319'!J71 -> 1008518 | D8: ='25319'!G85 -> 0 | F8: =SUM(G8:I8) -> 1008518 | G8: =C8 -> 1008518 | H8: =D8 -> 0 | I8: =E8 -> 0 | J8: =SUM(K8:M8) -> 1008518 | K8: =P8 -> 1008518 | L8: =Q8 -> 0 | M8: =R8 -> 0 | O8: 25319 (Доп. к смете № 25305) | P8: =G8 -> 1008518 | Q8: =H8 -> 0 | R8: =I8 -> 0
A9: Итого в ценах 2000 года: | B9: =SUM(B7:B8) -> 2095959 | C9: =SUM(C7:C8) -> 2095959 | D9: =SUM(D7:D8) -> 0 | E9: =SUM(E7:E8) -> 0 | F9: =SUM(F7:F8) -> 2095959 | G9: =SUM(G7:G8) -> 2095959 | H9: =SUM(H7:H8) -> 0 | I9: =SUM(I7:I8) -> 0 | ... M9: =SUM(M7:M8) -> 0 | N9: =SUM(P9:R9) -> 2095959 | P9: =SUM(P7:P8) -> 2095959 | Q9: =SUM(Q7:Q8) -> 0 | R9: =SUM(R7:R8) -> 0
A10: Итого с индексом инфляции: | P10: =ROUND(P9*1.051,0) -> 2202853
A11: Итого в текущих ценах*: | N11: =SUM(P11:R11) -> 12622348 | P11: =ROUND(P10*5.73,0) -> 12622348 | Q11: =ROUND(Q9*4.21,0) -> 0 | R11: =ROUND(R9*10.48,0) -> 0
A12: НДС 18% | N12: =SUM(P12:R12) -> 2272022.6 | P12: =ROUND(P11*18%,2) -> 2272022.6 | Q12: =ROUND(Q11*18%,2) -> 0 | R12: =ROUND(R11*18%,2) -> 0
A13: Всего: | N13: =SUM(P13:R13) -> 14894371 | P13: =SUM(P11:P12) -> 14894371 | Q13: =SUM(Q11:Q12) -> 0 | R13: =SUM(R11:R12) -> 0
P14: 60000000
A15: * В расчете использованы индексы: | Q15: =P14-P13 -> 45105629
A16: - 5,73 индекс изменения сметной стоимости СМР к ТЕР 2001 (Письмо Минстроя от 04.08.2014 №15285-ЕС/08, приложение 1 - Прочие объекты).
A18: ** В расчете использован индекс-дефлятор по инвестициям в основной капитал 2015/2014 - 1,051 по письмам: Минэкономразвития России от 25.09.2013 № 20402-АК/ДОЗи, Госкорпорации "Росатом" от 10.02.2014 № 1-12.8/4385
A20: ФГУП "Комбинат "Электрохимприбор" | H20: В.В. Моляков
A22: Инженер по проектно-сметной работе | H22: Н.А. Басова
A24: Согласовано | H24: отд. 028

Sheet НМЦ договора
A4: Определение начальной (максимальной) цены договора генерального подряда
A5: на выполнение работ по реконструкции фасадов общежития "Дружба"
A6: на 2015 год
A8: Способ закупки: Открытый конкурс
G9: ц.2000г./текущие цены, руб.
A10: Наименование услуг и работ (затрат) | C10: Сметная стоимость строительства в базисном уровне цен на 01.01.2000 г. | D10: Сметная стоимость строительства в текущем уровне цен, пресчитанная на момент проведения процедуры закупки | F10: Начальная (максимальная) цена | G10: в том числе по годам строительства
G13: 2015 г.
A17: 1 | C17: 2 | D17: 3 | F17: 4 | G17: 5
A18: СМР | C18: =СМР!K9 -> 2095959 | D18: =F18 -> 12622348 | F18: =G18 -> 12622348 | G18: =СМР!P11 -> 12622348
A19: Оборудование | C19: =СМР!L9 -> 0 | D19: =F19 -> 0 | F19: =G19 -> 0 | G19: =СМР!Q11 -> 0
A20: Прочие затраты | C20: =СМР!M9 -> 0 | D20: =F20 -> 0 | F20: =G20 -> 0 | G20: =СМР!R11 -> 0
A21: Всего: | C21: =SUM(C18:C20) -> 2095959 | D21: =F21 -> 12622348 | F21: =G21 -> 12622348 | G21: =SUM(G18:G20) -> 12622348
A22: НДС | D22: =F22 -> 2272022.6 | F22: =G22 -> 2272022.6 | G22: =СМР!P12+СМР!R12 -> 2272022.6
A23: Итого с НДС | D23: =F23 -> 14894371 | F23: =G23 -> 14894371 | G23: =СМР!P13+СМР!R13 -> 14894371
A25: В расчете использованы индексы:
A27: - 5,73 индекс изменения сметной стоимости СМР к ТЕР 2001 (Письмо Минстроя от 04.08.2014 №15285-ЕС/08, приложение 1 - Прочие объекты).
A29: ** В расчете использован индекс-дефлятор по инвестициям в основной капитал 2015/2014 - 1,051 по письмам: Минэкономразвития России от 25.09.2013 № 20402-АК/ДОЗи, Госкорпорации "Росатом" от 10.02.2014 № 1-12.8/4385
A31: Начальник отдела капитального строительства
A32: ФГУП "Комбинат "Электрохимприбор" | G32: В.В. Моляков
A34: Инженер по проектно-сметной работе | G34: Н.А. Басова
A36: Согласовано | G36: отд. 028
